 Dungeon Crawl Stone Soup version 0.23.2-33-g5129a83184 (webtiles) character file.

Game seed: 8104648570782235998

131 Hebeh the Conjurer (level 4, -1/24 HPs)
             Began as a Deep Elf Conjurer on July 1, 2019.
             Slain by Jessica
             ... wielding a +0 dagger
              (2 damage)
             ... on level 2 of the Dungeon.
             The game lasted 00:15:28 (2280 turns).

Hebeh the Conjurer (Deep Elf Conjurer)              Turns: 2280, Time: 00:15:31

Health: -1/24      AC:  3    Str:  9    XL:     4   Next: 91%
Magic:  1/13       EV: 13    Int: 21    God:
Gold:   98         SH:  0    Dex: 15    Spells: 12/13 levels left

rFire    + . .     SeeInvis .   b - +0 hunting sling
rCold    . . .     Gourm    .   (no shield)
rNeg     . . .     Faith    .   i - +0 robe
rPois    .         Spirit   .   t - +0 helmet "Diwomitz" {Str+4 Stlth+}
rElec    .         Reflect  .   (no cloak)
rCorr    .         Harm     .   (no gloves)
MR       .....                  (no boots)
Stlth    +++.......             (no amulet)
HPRegen  0.08/turn              p - ring of protection from fire
MPRegen  0.13/turn              (no ring)

@: berserk cooldown, flying, slowed, very slow
A: no striking features
a: no special abilities


You were on level 2 of the Dungeon.
You were not hungry.

You visited 1 branch of the dungeon, and saw 2 of its levels.

You collected 98 gold pieces.

Inventory:

Hand Weapons
 a - a +2 short sword of protection
 b - a +0 hunting sling (weapon)
Missiles
 d - 55 stones (quivered)
Armour
 i - a +0 robe (worn)
 r - a +0 robe
 t - the +0 helmet "Diwomitz" (worn) {Str+4 Stlth+}
   (You took it off Robin on level 1 of the Dungeon)

   It affects your strength (+4).
   It makes you more stealthy.
Jewellery
 p - a ring of protection from fire (left hand)
Scrolls
 e - 3 scrolls of remove curse {unknown}
 f - a scroll of immolation {unknown}
 g - a scroll of fog {unknown}
 j - 2 scrolls of identify {unknown}
 l - a scroll of enchant weapon {unknown}
 m - a scroll of random uselessness {unknown}
Potions
 k - a potion of curing {unknown}
 n - 2 potions of flight
Comestibles
 c - 2 rations
 o - 2 chunks of flesh


   Skills:
 - Level 2.4 Dodging
 - Level 2.4 Stealth
 + Level 5.3 Spellcasting
 + Level 5.7 Conjurations


You had 12 spell levels left.
You knew the following spells:

 Your Spells              Type           Power        Failure   Level  Hunger
a - Magic Dart            Conj           ####         1%          1    None

Your spell library contained the following spells:

 Spells                   Type           Power        Failure   Level  Hunger
 Searing Ray              Conj           ####..       1%          2    None
 Dazzling Spray           Conj/Hex       ###...       10%         3    ##.....
 Iskenderun's Mystic Bla  Conj           ####....     10%         4    ####...
 Force Lance              Conj/Tloc      ###.....     32%         4    ####...
 Fulminant Prism          Conj/Hex       ###.......   32%         4    ####...


Dungeon Overview and Level Annotations

Branches:
Dungeon (2/15)

Altars:
Ashenzari
The Shining One

Annotations:
D:2 Jessica


Message History

Jessica blinks!
You feel your anger nearly subside.
You are no longer berserk.
You are exhausted.
You feel yourself slow down.
Jessica points at you and mumbles some strange words.
You barely resist. Jessica hits you with a +0 dagger.
* * * LOW HITPOINT WARNING * * *
There is an open door here.
Casting: Magic Dart (safe; 1% risk of failure)
Confirm with . or Enter, or press ? or * to list all spells.
Aiming: Magic Dart (safe; 1% risk of failure)
Press: ? - help, Shift-Dir - straight line, f/p - worm
Aim: a worm (lightly wounded)
The magic dart hits the worm.
The worm is moderately wounded.
* * * LOW HITPOINT WARNING * * *
You feel sick.
You are no longer poisoned.
Jessica hits you with a +0 dagger.
You die...

#.. ####.# ....#
###+###..#.#
##.....##.#.#
..#.#÷.#.#.# +
#!#(#@@.#.#
#..#.#..#.#.##
#§..w.##....########
###+###........)...#
.........#.####.#
##.##.####.# #.#
#....# ##.# #.#
####.# #..# #.# #.#
#.## #.#


You could see a worm and Jessica.

Vanquished Creatures
  Robin (D:1)
  6 adders (D:2)
  3 worms (D:2)
  A dart slug (D:1)
  A leopard gecko (D:2)
  A giant cockroach (D:1)
  14 goblins
  7 hobgoblins
  2 jackals (D:1)
  4 kobolds (D:1)
  A quokka (D:2)
  3 ball pythons (D:2)
  5 bats
  4 frilled lizards
  4 rats
57 creatures vanquished.

Notes
Turn   | Place    | Note
-------+----------+-------------------------------------------
     0 | D:1      | Hebeh the Deep Elf Conjurer began the quest for the Orb.
     0 | D:1      | Reached XP level 1. HP: 10/10 MP: 6/6
   233 | D:1      | Reached XP level 2. HP: 15/15 MP: 4/8
  1131 | D:2      | Reached skill level 5 in Conjurations
  1131 | D:2      | Reached XP level 3. HP: 19/19 MP: 4/10
  1280 | D:2      | Found a shattered altar of Ashenzari.
  1367 | D:2      | Found a glowing golden altar of the Shining One.
  1457 | D:2      | Reached XP level 4. HP: 24/24 MP: 8/12
  1464 | D:2      | Identified the +0 helmet "Diwomitz" {Str+4 Stlth+}
  1464 | D:2      | Noticed Robin
  1692 | D:1      | Killed Robin
  1692 | D:1      | Reached skill level 5 in Spellcasting
  2266 | D:2      | Noticed Jessica
  2280 | D:2      | HP: 1/24 [poisoned by an adder]
  2280 | D:2      | Slain by Jessica

Skill      XL: |  1  2  3  4 |
---------------+-------------+-----
Spellcasting   | 4 5 |  5.3
Conjurations   | 5 |  5.7
Dodging        | |  2.4
Stealth        | |  2.4

Action                   |  1- 3 |  4- 6 || total
-------------------------+-------+-------++-------
Melee: Whip              |       |     5 ||     5
 Fire: Hunting sling     |       |     2 ||     2
 Cast: Magic Dart        |    65 |    79 ||   144
  Use: Potion            |       |     2 ||     2
  Eat: Chunk             |     1 |     3 ||     4
Armor: Robe              |       |     2 ||     2
Dodge: Dodged            |     4 |    19 ||    23
